 Dungeon Crawl Stone Soup version 0.31.0-9-g3a7656b989 (webtiles) character file.

Game seed: 9674300326417592401

82 qw the Shooter (level 4, -2/25 HPs)
             Began as a Deep Elf Hunter on Feb 2, 2024.
             Slain by a water moccasin zombie (4 damage)
             ... on level 3 of the Dungeon.
             The game lasted 00:00:07 (1984 turns).

qw the Shooter (Deep Elf Hunter)                    Turns: 1984, Time: 00:00:08

Health: -2/25      AC:  5    Str:  8 (10) XL:     4   Next: 21%
Magic:  6/6        EV: 10    Int: 11 (14) God:
Gold:   130        SH:  0    Dex: 16 (18) Spells: 3/3 levels left

rFire   . . .        a - +0 shortbow
rCold   . . .        (shield currently unavailable)
rNeg    . . .        d - +0 ring mail
rPois   .            (no helmet)
rElec   .            (no cloak)
rCorr   +            (no gloves)
SInv    .            (no boots)
Will    .....        (no amulet)
Stlth   +            f - ring of resist corrosion
HPRegen 0.24/turn    (no ring)
MPRegen 0.10/turn

%: no passive effects
@: on fire, about to teleport, glowing
A: no striking features
a: no special abilities


You were on level 3 of the Dungeon.
You visited 1 branch of the dungeon, and saw 3 of its levels.

You collected 130 gold pieces.


   Skills:
 - Level 1.5 Fighting
 + Level 7.6 Ranged Weapons
 - Level 2.4 Dodging
 - Level 1.2 Stealth


You had 3 spell levels left.
You didn't know any spells.
Your spell library was empty.

Inventory:

Hand Weapons
 a - a +0 shortbow (weapon)
Armour
 d - a +0 ring mail (worn)
Jewellery
 f - a ring of resist corrosion (left hand)
Potions
 b - 2 potions of enlightenment {unknown}
 c - a potion of invisibility {unknown}
 j - a potion of resistance {unknown}

Dungeon Overview and Level Annotations

Branches:
Dungeon (3/15)

Altars:
Hepliaklqana


Message History

You shoot an arrow. The arrow hits the adder zombie!
The adder zombie is heavily damaged.
You shoot an arrow. The arrow hits the adder zombie.
The adder zombie is almost destroyed.
A water moccasin zombie comes into view.
You shoot an arrow. The arrow hits the adder zombie.
You destroy the adder zombie!
You feel your dexterity returning.
You shoot an arrow.
The arrow hits the bombardier beetle but does no damage.
You shoot an arrow. The arrow hits the bombardier beetle.
The bombardier beetle is moderately wounded.
You shoot an arrow.
The arrow hits the bombardier beetle but does no damage.
The bombardier beetle is moderately wounded.
You shoot an arrow.
The arrow hits the water moccasin zombie!
The water moccasin zombie is lightly damaged.
The water moccasin zombie bites you. x2
You shoot an arrow.
The arrow barely misses the bombardier beetle.
The water moccasin zombie bites you.
The bombardier beetle barely misses you.
You shoot an arrow. The arrow hits the bombardier beetle.
The bombardier beetle is severely wounded.
The water moccasin zombie bites you.
The water moccasin zombie closely misses you.
The bombardier beetle sprays incendiary fluid at you.
The burning spray hits you.
You are covered in liquid fire!
You shoot an arrow.
The arrow barely misses the bombardier beetle.
The liquid fire burns you! The water moccasin zombie bites you.
1984 ||| READING scroll of teleportation.
As you read the scroll of teleportation, it crumbles to dust.
You feel strangely unstable. The liquid fire burns you!
The water moccasin zombie bites you.
You die... .........# .........# 77.7 .........# #.7 ... ########## #.#7..7 7# ######## #.#.7.77...
PP.PPP.#

#.#.%......
###########
#.#.!......
..........#
#.#ZB......
########..#
#.#@# #..#
##%#.#
##.###..#.#
#....>.'.#
########.#
#.# ###


You could see a bombardier beetle and a water moccasin zombie.

Vanquished Creatures
  An adder (D:2)
  An adder zombie (D:3)
  3 dart slugs (D:2)
  2 ribbon worms (D:3)
  5 endoplasms
  4 giant cockroaches
  4 goblins
  6 hobgoblins
  3 kobolds
  3 quokkas
  3 ball pythons
  13 bats
  A frilled lizard (D:2)
  5 rats
54 creatures vanquished.

Notes
Turn   | Place    | Note
-------+----------+-------------------------------------------
     0 | D:1      | qw the Deep Elf Hunter began the quest for the Orb.
     0 | D:1      | Reached XP level 1. HP: 12/12 MP: 3/3
     0 | D:1      | 0 ||| qw: Version: 0.3-a-155-g5e7d8dd
     0 | D:1      | 0 ||| qw: Game counter: 769
     0 | D:1      | 0 ||| qw: Melee chars always use a shield: true
     0 | D:1      | 0 ||| qw: God list: Okawaru
     0 | D:1      | 0 ||| qw: Allow faded altars: false
     0 | D:1      | 0 ||| qw: Do Orc after clearing Dungeon:15 true
     0 | D:1      | 0 ||| qw: Do second Lair branch before Depths: true
     0 | D:1      | 0 ||| qw: Lair rune preference: random
     0 | D:1      | 0 ||| qw: Goals: Normal
     0 | D:1      | 0 ||| PLANNING D:1-11
    77 | D:1      | Reached skill level 6 in Ranged Weapons
    77 | D:1      | Reached XP level 2. HP: 16/16 MP: 4/4
   139 | D:1      | 139 ||| UPGRADING to +0 ring mail.
   159 | D:1      | 159 ||| DROPPING +0 leather armour.
   266 | D:1      | 266 ||| DROPPING scroll of butterflies.
   699 | D:1      | 699 ||| READING scroll labelled LOETINK DAISCHI.
   700 | D:1      | 700 ||| READING scroll labelled RUDOHEEWIHO.
   700 | D:1      | 700 ||| IDENTIFYING 2 lumpy cyan potions
   701 | D:1      | 701 ||| DROPPING 2 potions of brilliance.
   729 | D:2      | 729 ||| FLEEEEING.
   730 | D:2      | 730 ||| FLEEEEING.
   731 | D:2      | 731 ||| FLEEEEING.
   732 | D:2      | 732 ||| STAIRDANCE
   848 | D:2      | Reached XP level 3. HP: 20/20 MP: 5/5
   967 | D:2      | Found a faded altar of an unknown god.
   979 | D:2      | Reached skill level 7 in Ranged Weapons
  1623 | D:2      | 1623 ||| UPGRADING to ring of resist corrosion.
  1624 | D:2      | 1624 ||| READING scroll labelled KOAWOA UCUCWUERR.
  1625 | D:2      | 1625 ||| READING 2 scrolls labelled XILELO ROQA.
  1629 | D:2      | 1629 ||| READING scroll labelled HEMAPA JATIA.
  1630 | D:2      | 1630 ||| READING scroll labelled INTIZE NESS.
  1631 | D:2      | 1631 ||| DRINKING 3 fizzy yellow potions.
  1632 | D:2      | 1632 ||| DRINKING 2 fizzy black potions.
  1633 | D:2      | 1633 ||| DRINKING 2 dark potions.
  1634 | D:2      | 1634 ||| DROPPING 2 potions of degeneration.
  1635 | D:2      | 1635 ||| DROPPING potion of magic.
  1637 | D:2      | 1637 ||| Stepping ~*~*~tactically~*~*~ (cloud).
  1638 | D:2      | 1638 ||| DRINKING potion of curing.
  1638 | D:2      | 1638 ||| (to cure poison)
  1673 | D:3      | Reached XP level 4. HP: 13/25 MP: 6/6
  1797 | D:3      | Found a hazy altar of Hepliaklqana.
  1983 | D:3      | HP: 6/25 [burnt (7)]
  1984 | D:3      | 1984 ||| READING scroll of teleportation.
  1984 | D:3      | HP: 2/25 [burnt (2)]
  1984 | D:3      | Slain by a water moccasin zombie

Levels and vault maps discovered:
D:1:      dpeg_arrival_court, layout_basic, serial_glass, glass_columns_a,
          glass_columns_c, glass_columns_a, glass_columns_a, glass_columns_c,
          glass_columns_c, glass_columns_c, glass_columns_c, glass_columns_c,
          glass_columns_a
D:2:      kennysheep_six_static_rooms, layout_basic, basic_ecumenical_altar
D:3:      layout_basic, worldfamousw_hep_ancestral_shrine,
          nicolae_yredelemnul_corpse_copse, serial_aquarium,
          aquarium_bridge_long_joined [aquarium_subvault_wall,
          aquarium_subvault_window, aquarium_subvault_bridge,
          aquarium_subvault_window, aquarium_subvault_window,
          aquarium_subvault_bridge], aquarium_bridge_straight
          [aquarium_subvault_bridge, aquarium_subvault_wall,
          aquarium_subvault_bridge, aquarium_subvault_balcony],
          aquarium_window_3, aquarium_window_fake, aquarium_window_1,
          aquarium_window_fake, aquarium_view_2a, aquarium_balcony_5b,
          st_stairs_11

Skill      XL: |  1  2  3 |
---------------+----------+-----
Ranged Weapons | 6 7 |  7.6
Fighting       | |  1.5
Dodging        | |  2.4
Stealth        | |  1.2

Action                     |  1- 3 |  4- 6 || total
---------------------------+-------+-------++-------
   Fire: Shortbow          |   127 |    33 ||   160
    Use: Scroll            |     6 |     1 ||     7
         Potion            |     4 |       ||     4
 Armour: Leather armour    |     1 |       ||     1
         Ring mail         |    19 |     8 ||    27
         Skin              |     1 |       ||     1
  Dodge: Dodged            |    24 |     3 ||    27

Table legend:
 A = Non-vault XP
 B = Vault XP
 C = Vault XP percentage of total XP
 D = Non-vault monster count
 E = Vault monster count
 F = Vault count percentage of total count
                 A         B        C        D         E       F
            +---------+---------+-------+---------+---------+-------
      Total |      99 |      19 |  16.1 |      47 |       7 |  13.0
            +---------+---------+-------+---------+---------+-------
        D:1 |      31 |       0 |   0.0 |      19 |       0 |   0.0
        D:2 |      50 |      13 |  20.6 |      21 |       6 |  22.2
        D:3 |      18 |       6 |  25.0 |       7 |       1 |  12.5
            +---------+---------+-------+---------+---------+-------
